 Dungeon Crawl Stone Soup version 0.28.0-49-g6dfe1f597d (webtiles) character file.

Game seed: 11445768551043646020

28 Exodus22XD the Shield-Bearer (level 3, -1/49 HPs)
             Began as a Minotaur Fighter on May 20, 2022.
             Succumbed to Terence's poison
             ... on level 2 of the Dungeon.
             The game lasted 00:01:05 (1247 turns).

Exodus22XD the Shield-Bearer (Minotaur Fighter)     Turns: 1247, Time: 00:01:06

Health: -1/49      AC: 21    Str: 22    XL:     3   Next: 0%
Magic:  2/2        EV:  2    Int:  5    God:
Gold:   63         SH:  4    Dex:  9    Spells: 2/2 levels left

rFire   . . .      SeeInvis .   a - +0 war axe
rCold   . . .      Faith    .   c - +0 buckler
rNeg    . . .      Spirit   .   (armour currently unavailable)
rPois   +          Reflect  .   (helmet currently unavailable)
rElec   .          Harm     .   (cloak currently unavailable)
rCorr   .          Rampage  .   (gloves currently unavailable)
Will    .....      NoTele   +   (boots currently unavailable)
Stlth   +.........              (no amulet)
HPRegen 0.16/turn               (no ring)
MPRegen 0.08/turn               (no ring)

@: mighty, brilliant, lethally poisoned (-1 -> -8), tree-form, attractive
A: stationary, stasis, torment immunity, boosted hp, (horns 2), (retaliatory
headbutt)
a: no special abilities


You were on level 2 of the Dungeon.
You were a tree.
You visited 1 branch of the dungeon, and saw 2 of its levels.

You collected 63 gold pieces.

Inventory:

Hand Weapons
 a - a +0 war axe (weapon)
 l - a +1 spear of freezing
Armour
 b - a +0 scale mail (melded)
 c - a +0 buckler (worn)
Jewellery
 h - a ring of wizardry
Scrolls
 f - 4 scrolls of teleportation {unknown}
 g - a scroll of amnesia {unknown}
 j - a scroll of enchant armour {unknown}
Potions
 i - a potion of attraction


   Skills:
 + Level 4.0 Fighting
 + Level 2.7 Axes
 + Level 4.1 Armour
 + Level 4.1 Shields


You had 2 spell levels left.
You didn't know any spells.
Your spell library was empty.

Dungeon Overview and Level Annotations

Branches:
Dungeon (2/15)

Altars:

Annotations:
D:2 Terence


Innate Abilities, Weirdness & Mutations

You are a tree.
Your roots penetrate the ground, keeping you stationary.
You cannot be teleported.
You are immune to unholy pain and torment.
Your maximum health is greatly increased.
Your equipment is partially melded.
((You have a pair of horns on your head.))
((You reflexively headbutt those who attack you in melee.))


Message History

You are more poisoned.
You barely miss Terence.
Terence is heavily wounded.
You feel very sick.
Terence bares his teeth.
Terence hits you but does no damage.
You are more poisoned.
Terence is nearby!
You completely miss Terence.
Terence is heavily wounded.
You feel very sick.
Terence hits you with a +1 short sword of venom.
You are lethally poisoned!
You closely miss Terence.
Terence is heavily wounded.
You feel extremely sick. Terence closely misses you.
Terence hits you but does no damage.
It was a potion of attraction.
You feel attractive to monsters.
* * * LOW HITPOINT WARNING * * *
You feel very sick. Terence closely misses you.
It was a potion of lignification.
You turn into a tree.
Your +0 scale mail melds into your body.
Your roots penetrate the ground.
* * * LOW HITPOINT WARNING * * *
You feel very sick. You block Terence's attack.
You feel very mighty all of a sudden.
* * * LOW HITPOINT WARNING * * *
You feel sick. Terence completely misses you.
It was a potion of brilliance.
You feel clever all of a sudden.
* * * LOW HITPOINT WARNING * * *
You feel sick.
Terence hits you with a +1 short sword of venom.
* * * LOW HITPOINT WARNING * * *
You slash Terence!
Terence is almost dead.
You die...

###########
#.#.........##
#.#.........##
#...........#
#..@.......#
#♣......#
##.....## ##...##
##.## #.# #.#
##.########
#######.........#
........>######.#


You could see Terence.

Vanquished Creatures
  A worm (D:2)
  2 ball pythons
  3 bats (D:1)
  2 endoplasms (D:1)
  A giant cockroach (D:1)
  2 goblins (D:1)
  A hobgoblin (D:2)
  2 jackals (D:1)
  A quokka (D:1)
  2 frilled lizards (D:1)
  4 kobolds
  2 rats
23 creatures vanquished.

Notes
Turn   | Place    | Note
-------+----------+-------------------------------------------
     0 | D:1      | Exodus22XD the Minotaur Fighter began the quest for the
                  | Orb.
     0 | D:1      | Reached XP level 1. HP: 19/19 MP: 0/0
   275 | D:1      | Reached XP level 2. HP: 27/27 MP: 1/1
  1201 | D:2      | Reached XP level 3. HP: 33/33 MP: 2/2
  1235 | D:2      | Noticed Terence
  1246 | D:2      | HP: 2/49 [poisoned by Terence]
  1247 | D:2      | Succumbed to Terence's poison

Illustrated notes

Levels and vault maps discovered:
D:1:      dpeg_arrival_pond, layout_loops_ring
D:2:      layout_loops_ring, serial_shops, shop_statue, dk_noncrumbling_3,
          chequers_serial_rivers_micro_b, minmay_tetromino_t4, uniq_sigmund,
          uniq_crazy_yiuf_cottage, uniq_terence

Skill      XL: |  1  2 |
---------------+-------+-----
Shields        | 4 |  4.1
Fighting       | 4 |  4.0
Armour         | 4 |  4.1
Axes           | |  2.7

Action                   || total
-------------------------++-------
Melee: War axe           ||    53
       Headbutt          ||     6
  Use: Potion            ||     4
Armor: Scale mail        ||    34
Dodge: Dodged            ||    28
Block: Buckler           ||    11
